 Dungeon Crawl Stone Soup version 0.17-a0-1468-gbf503c2 (webtiles) character file.

98 pulse the Chopper (level 5, -3/41 HPs)
             Began as a Formicid Berserker on July 1, 2015.
             Was a Believer of Trog.
             Engulfed by Natasha's flame (22 damage)
             ... on level 3 of the Dungeon.
             The game lasted 00:04:24 (3402 turns).

pulse the Chopper (Formicid Berserker)              Turns: 3402, Time: 00:04:24

Health: -3/41      AC:  7    Str: 22    XL:     5   Next: 1%
Magic:  5/5        EV: 11    Int:  7    God:    Trog [**....]
Gold:   101        SH:  0    Dex: 10    Spells: 0 memorised, 4 levels left

rFire  . . .     SeeInvis +     a - +0 hand axe
rCold  . . .     Clarity  .     i - +0 ring mail
rNeg   . . .     SustAt   .     (no shield)
rPois  .         Gourm    .     (helmet unavailable)
rElec  .         Spirit   .     (no cloak)
rCorr  .         Warding  .     (no gloves)
rMut   .         Stasis   +     s - +1 pair of boots
MR     .....                    (no amulet)
Stlth  ..........               (no ring)
                                (no ring)

@: confused, not resistant to hostile enchantments, extremely unstealthy
A: permanent stasis, dig shafts and tunnels, four strong arms, antennae 3
a: Dig, Shaft Self, Burn Spellbooks, Trog's Hand, Renounce Religion


You were on level 3 of the Dungeon.
You worshipped Trog.
Trog was pleased with you.
You were very hungry.

You visited 1 branch of the dungeon, and saw 3 of its levels.

You collected 101 gold pieces.

Inventory:

Hand weapons
 a - a +0 hand axe (weapon)
Armour
 i - a +0 ring mail (worn)
 s - a +1 pair of boots (worn)
Scrolls
 k - a scroll of enchant weapon
 n - 2 scrolls of teleportation
Potions
 d - 2 potions of brilliance
 e - 2 potions of curing
 r - a potion of cancellation {unknown}
Comestibles
 c - 2 bread rations
 f - a meat ration
 h - 3 beef jerkies
 q - a royal jelly


   Skills:
 - Level 3.2 Fighting
 * Level 5.3 Axes
 - Level 2.1 Armour
 - Level 1.7 Dodging


You had 4 spell levels left.
You didn't know any spells.

Dungeon Overview and Level Annotations

Branches:
Dungeon (3/15)

Altars:
Ashenzari
Cheibriados

Annotations:
D:3 Natasha


Innate Abilities, Weirdness & Mutations

You are under a permanent stasis effect.
You can dig through walls and to a lower floor.
Your four strong arms can wield two-handed weapons with a shield.
You have a pair of large antennae on your head (SInv).


Message History

The crimson imp misses you.
You hit Natasha.
Natasha is severely wounded.
Your ring mail prevents you from hitting the crimson imp.
The crimson imp disappears in a puff of smoke!
Natasha casts a spell at you.
Your stasis keeps you stable.
You hit Natasha but do no damage.
Natasha is severely wounded.
Natasha claws you but does no damage.
You're too confused to move!
Natasha stares next to you and mumbles some strange words.
A cloud of flames roars to life!
You bump into the rock wall.
Natasha casts a spell at you.
Your stasis keeps you stable.
You bump into the rock wall.
Natasha zaps a wand.
You resist with some effort.
You are engulfed in roaring flames.
Ouch! That really hurt!
You die...

#.# #....# ***************,* *
#.#####....# *,,,,,**,* *
#....##...#* *,***,**,*
####.##...# ###****,* *,**,***
......'...# #..,,,,,* *,**,*,,
###.###...# #.#****** *,,,,*,*
,...,#'...# #.# *****,,*,*
####*##)..# #?# *,,,,,,*,* **
#...# #@# *,****,*,*
,######...######.# *,*,,*,*,*
,#........##....h#######+*,,,,*,*
,#....>...##.#..........,,,,***,*
,#.......###.#..........,,,,,,,,*
,#.......###.#..........,,,******
{#.....(.'...#..........,,,,,,,,,
*#.......#####..........,,,*****,
,+.......# #..........,,,* *,


You could see Natasha.

Vanquished Creatures
  5 adders (D:2)
  An ooze (D:1)
  3 giant geckos (D:2)
  An orc (D:3)
  6 goblins
  6 hobgoblins
  A quokka (D:2)
  A ball python (D:1)
  5 bats
  3 giant newts
  6 jackals (D:2)
  4 kobolds
  5 rats
47 creatures vanquished.

Notes
Turn   | Place    | Note
--------------------------------------------------------------
     0 | D:1      | pulse the Formicid Berserker began the quest for the Orb.
     0 | D:1      | Reached XP level 1. HP: 18/18 MP: 1/1
   375 | D:1      | Reached XP level 2. HP: 24/24 MP: 2/2
  1139 | D:2      | Reached skill level 4 in Axes
  1139 | D:2      | Reached XP level 3. HP: 25/29 MP: 3/3
  1183 | D:2      | Acquired Trog's second power
  1217 | D:2      | HP: 1/29 [adder (2)]
  1633 | D:2      | Found a shattered altar of Ashenzari.
  1634 | D:2      | Found a snail-covered altar of Cheibriados.
  2121 | D:2      | Reached XP level 4. HP: 24/35 MP: 4/4
  2836 | D:2      | Reached skill level 5 in Axes
  3355 | D:3      | Reached XP level 5. HP: 36/41 MP: 5/5
  3373 | D:3      | Noticed Natasha
  3402 | D:3      | Engulfed by Natasha's flame

Vault maps used:
D:1:      dpeg_arrival_rooms_b
D:2:      gammafunk_temple_overflow_statue, minmay_misc_feat_enclosed
D:3:      first_bread, uniq_natasha

Action                   |  1- 3 |  4- 6 || total
-------------------------+-------+-------++-------
Melee: Hand axe          |   133 |    97 ||   230
Invok: Trog's Hand       |     1 |       ||     1
  Use: Potion            |     4 |     1 ||     5
       Scroll            |       |     8 ||     8
  Eat: Chunk             |     4 |     3 ||     7
